 Dungeon Crawl Stone Soup version bcrawl-1.28.4 (webtiles) character file.

Game seed: 16161362497120595451

193992 esc the Covered (level 7, 0/60 HPs)
             Began as a Hill Orc Archaeologist on Jan 13, 2021.
             Was a Priest of Elyvilon.
             Slain by an ogre
             ... wielding a +0 giant spiked club
              (29 damage)
             ... on level 4 of the Dungeon.
             The game lasted 00:05:14 (3517 turns).

esc the Covered (Hill Orc Archaeologist)            Turns: 3517, Time: 00:05:15

Health: 0/60       AC: 11    Str: 16    XL:     7   Next: 11%
Magic:  8/8        EV: 10    Int: 14    God:    Elyvilon [***...]
Gold:   228        SH:  6    Dex:  9    Spells: 6/6 levels left

rFire    . . .     SeeInvis .   t - +0 whip
rCold    + . .     Gourm    .   v - +2 buckler
rNeg     . . .     Faith    .   k - +0 ring mail
rPois    .         Spirit   .   r - +2 hat
rElec    .         Reflect  .   (no cloak)
rCorr    .         Harm     .   u - +0 pair of gloves
MR       .....     Clarity  +   i - +1 pair of boots
Stlth    +.........             (no amulet)
HPRegen  0.20/turn              q - ring of protection from cold
MPRegen  0.11/turn              (no ring)

@: lethally poisoned (0 -> -1), studying Armour
A: horns 1, clarity
a: Lesser Healing, Heal Other, Purification, Divine Protection, Renounce
Religion


You were on level 4 of the Dungeon.
You worshipped Elyvilon.
Elyvilon was most pleased with you.
You were hungry.

You visited 1 branch of the dungeon, and saw 4 of its levels.

You collected 228 gold pieces.

Inventory:

Hand Weapons
 b - a +0 blowgun
 t - a +0 whip (weapon)
Missiles
 f - 30 curare-tipped needles
Armour
 i - a +1 pair of boots (worn)
 k - a +0 ring mail (worn)
 r - a +2 hat (worn)
 u - a +0 pair of gloves (worn)
 v - a +2 buckler (worn)
Jewellery
 q - a ring of protection from cold (left hand)
Scrolls
 c - 2 scrolls of enchant weapon
 g - 3 scrolls of magic mapping
 l - a scroll of amnesia
 n - a scroll of remove curse
 o - a scroll of fog
 p - 2 scrolls of immolation {unknown}
 w - a scroll of noise {unknown}
Potions
 d - a potion of curing
 m - 2 potions of brilliance
 s - a potion of mutation
 x - a potion of might
 z - a potion of heal wounds {unknown}
Books
 h - a manual of Armour
Comestibles
 a - 3 chunks of flesh
 e - 9 rations {!d}


   Skills:
 + Level 4.7 Fighting
   Level 4.7 Short Blades
   Level 4.7 Long Blades
   Level 4.7 Axes
   Level 4.7 Maces & Flails
   Level 4.7 Polearms
   Level 4.7 Staves
 + Level 5.0 Armour
 - Level 2.4 Dodging
 - Level 2.6 Stealth
 + Level 1.9 Shields
   Level 4.7 Unarmed Combat
 + Level 2.4 Invocations


You had 6 spell levels left.
You didn't know any spells.
Your spell library was empty.

Dungeon Overview and Level Annotations

Branches:
Dungeon (4/12)
 Temple: D:4-7

Altars:
Elyvilon
Gozag

Annotations:
D:3 3 runed translucent doors, Joseph's ghost, weakling DjSk


Innate Abilities, Weirdness & Mutations

You have a pair of small horns on your head.
You possess an exceptional clarity of mind.


Message History

You feel sick. The worker ant closely misses you.
You barely miss the worker ant.
The worker ant is severely wounded.
The worker ant barely misses you.
You barely miss the worker ant.
The worker ant is severely wounded.
You feel sick. The worker ant closely misses you.
The worker ant bites you but does no damage.
Some of the chunks of flesh in your inventory have rotted away.
You hit the worker ant.
The worker ant is almost dead.
The worker ant bites you.
You hit the worker ant.
You kill the worker ant!
Your Armour skill increases to level 5!
You hit the ogre.
The ogre is lightly wounded.
You feel sick.
The ogre hits you with a +0 giant spiked club!!
You die...

#.# #...P.##.#
#########.#
#.≈♣≈≈...#
..........#
#..≈♣P####
#.##.######
#>#≈≈P# ###.
#.##.#
#.#≈P##....
..##.#
######.#####..##
####.#
#......##......##
.....#
#.###..##.#≈.....
######
#.#....@O.≈≈≈...#
#.#.#.###..≈≈.$.#
#.)...# #.†.≈≈..#
#....###
##.#≈≈#.# #.####
.. ≈# #. ... # #.
..≈≈ #. ...≈≈ #.
...#≈#


You could see an ogre.

Vanquished Creatures
  A phantom (D:3)
  A crimson imp (D:3)
  An orc wizard (D:3)
  A hound (D:4)
  Jessica (D:2)
  Natasha (D:4)
  Terence (D:3)
  4 worker ants (D:4)
  Robin (D:2)
  A gnoll (D:4)
  3 adders
  4 worms
  3 dart slugs
  3 leopard geckos
  5 orcs
  4 bats (D:1)
  9 goblins
  6 hobgoblins
  3 jackals (D:1)
  9 kobolds
  3 quokkas
  A ball python (D:1)
  3 frilled lizards (D:1)
  4 rats
73 creatures vanquished.

Notes
Turn   | Place    | Note
-------+----------+-------------------------------------------
     0 | D:1      | esc the Hill Orc Archaeologist began the quest for the Orb.
     0 | D:1      | Reached XP level 1. HP: 16/16 MP: 1/1
   251 | D:1      | Reached XP level 2. HP: 23/24 MP: 2/2
   512 | D:1      | Reached XP level 3. HP: 29/30 MP: 3/3
   605 | D:1      | Gained mutation: You have a pair of small horns on your
                  | head. [potion of mutation]
   605 | D:1      | Gained mutation: You possess an exceptional clarity of
                  | mind. [potion of mutation]
   642 | D:1      | Reached skill level 1 in Armour
   842 | D:2      | Found a faded altar of an unknown god.
   998 | D:2      | Became a worshipper of Elyvilon the Healer
   998 | D:2      | Reached * piety under Elyvilon
  1230 | D:2      | Noticed Robin
  1256 | D:2      | Killed Robin
  1257 | D:2      | Reached XP level 4. HP: 12/38 MP: 4/4
  1406 | D:2      | Noticed Jessica
  1413 | D:2      | Killed Jessica
  1414 | D:2      | Reached skill level 2 in Armour
  1951 | D:3      | Reached ** piety under Elyvilon
  1975 | D:3      | Reached XP level 5. HP: 45/45 MP: 5/5
  1975 | D:3      | Identified a scroll of acquirement
  1975 | D:3      | Identified the +5 rapier "Xuizim" {flame, +Fly Int+2} (You
                  | acquired it on level 3 of the Dungeon)
  1975 | D:3      | Identified the +2 hat of the Arcane {rPois Int+3 Stlth+}
                  | (You acquired it on level 3 of the Dungeon)
  1975 | D:3      | Identified the amulet "Gidu" {Regen rElec} (You acquired it
                  | on level 3 of the Dungeon)
  1999 | D:3      | Noticed Terence
  2024 | D:3      | Killed Terence
  2193 | D:3      | Noticed a phantom
  2270 | D:3      | Killed a phantom
  2271 | D:3      | Reached skill level 3 in Armour
  2271 | D:3      | Reached XP level 6. HP: 44/53 MP: 6/6
  2319 | D:3      | Found a runed translucent gate.
  2319 | D:3      | Found an opulent altar of Gozag.
  2319 | D:3      | Found a runed translucent gate.
  2320 | D:3      | Found a runed translucent gate.
  2320 | D:3      | Noticed Joseph's ghost (weakling DjSk)
  2649 | D:3      | Reached skill level 4 in Armour
  2746 | D:3      | Reached skill level 1 in Invocations
  3103 | D:4      | Reached skill level 1 in Shields
  3240 | D:4      | Noticed a crocodile
  3255 | D:4      | Reached *** piety under Elyvilon
  3434 | D:4      | Noticed Natasha
  3448 | D:4      | Killed Natasha
  3485 | D:4      | Reached XP level 7. HP: 42/60 MP: 8/8
  3517 | D:4      | Reached skill level 5 in Armour
  3517 | D:4      | Slain by an ogre

Skill      XL: |  1  2  3  4  5  6  7 |
---------------+----------------------+-----
Fighting       | 2 3 4 |  4.7
Armour         | 1 2 3 4 5 |  5.0
Invocations    | 2 |  2.4
Shields        | 1 |  1.9
Short Blades   | |  4.7
Long Blades    | |  4.7
Axes           | |  4.7
Maces & Flails | |  4.7
Polearms       | |  4.7
Staves         | |  4.7
Dodging        | |  2.4
Stealth        | |  2.6
Unarmed Combat | |  4.7

Action                   |  1- 3 |  4- 6 |  7- 9 || total
-------------------------+-------+-------+-------++-------
Melee: Whip              |   194 |   243 |    31 ||   468
       Headbutt          |    16 |    38 |     1 ||    55
       Punch             |     3 |     1 |       ||     4
  Use: Scroll            |     4 |     7 |       ||    11
       Potion            |     1 |     1 |       ||     2
 Stab: Sleeping          |     1 |     2 |       ||     3
  Eat: Chunk             |     6 |    12 |       ||    18
       Ration            |       |     1 |       ||     1
Armor: Robe              |    10 |       |       ||    10
       Ring mail         |    81 |    90 |     8 ||   179
Dodge: Dodged            |   118 |   121 |    16 ||   255
Block: Buckler           |       |    23 |     8 ||    31
